Map: Dusk Towers

Players

LilDicky - Winner!

  • Race: Terran Terran
  • League: Diamond

Insom

  • Race: Zerg Zerg
  • League: Platinum

VOD

http://www.twitch.tv/tumescentpie

Description

Time

  • Played on: Nov. 22, 2015, 9:43 p.m.
  • Length: 25:29
Show
View Real Time Build Order
Export as new Build Order

LilDicky Terran - Winner!

Build Orders: Command Center First (CC), Liberator Opening 

Get SALT Encoding   

  12  0:01  SCV  
  13  0:13  SCV  
  14  0:22  Supply Depot  
  14  0:27  SCV  
  15  0:43  SCV  
  16  0:55  SCV  
  17  1:02  Command Center  
  17  1:10  SCV  
  18  1:18  Barracks  
  18  1:22  SCV  
  19  1:25  Refinery  
  19  1:34  SCV  
  20  1:47  SCV  
  21  1:59  SCV  
  22  2:04  Marine  
  22  2:07  Supply Depot  
  23  2:15  Orbital Command  
  23  2:16  Refinery  
  23  2:17  Orbital Command  
  23  2:26  Marine  
  23  2:28  Factory  
  24  2:43  SCV, Marine  
  26  2:46  SCV  
  27  3:00  SCV  
  27  3:01  Command Center, Marine  
  27  3:03  SCV  
  30  3:11  Factory Reactor  
  31  3:12  SCV  
  31  3:14  Starport  
  31  3:19  SCV, Marine  
  33  3:24  SCV  
  34  3:38  Liberator  
  34  3:39  Marine  
  31  3:45  SCV  
  32  3:49  SCV, Hellion x2  
  40  3:56  Supply Depot  
  40  3:57  SCV, Marine  
  40  4:01  SCV  
  43  4:03  Supply Depot  
  43  4:09  SCV  
  44  4:10  Hellion  
  44  4:13  Hellion  
  48  4:21  Liberator  
  48  4:26  Orbital Command  
  48  4:31  Hellion, Refinery  
  48  4:33  Refinery  
  48  4:34  Hellion  
  55  4:42  Supply Depot, Marine  
  56  4:48  SCV  
  57  4:58  Orbital Command  
  57  4:59  Hellion x2  
  62  5:00  SCV  
  62  5:02  Bunker  
  62  5:20  Liberator  
  54  5:37  Hellion x2  
  58  5:53  Supply Depot  
  58  5:56  SCV  
  59  5:58  Hellion  
  59  5:59  Hellion  
  63  6:08  SCV  
  63  6:10  SCV  
  65  6:12  SCV  
  65  6:17  Refinery  
  66  6:21  SCV  
  66  6:22  Supply Depot  
  67  6:26  Factory  
  67  6:27  Hellion x2, Starport Reactor  
  67  6:28  Factory  
  67  6:29  Factory  
  71  6:33  Starport  
  71  6:34  SCV x2  
  71  6:36  Refinery  
  71  6:39  Engineering Bay  
  73  6:43  SCV  
  73  6:46  SCV  
  62  7:05  SCV  
  62  7:06  Hellion x2  
  67  7:11  Supply Depot  
  67  7:13  Missile Turret x2  
  67  7:14  Missile Turret  
  67  7:18  Liberator x2  
  67  7:23  SCV x3, Missile Turret  
  67  7:25  Factory Tech Lab  
  67  7:26  Factory Tech Lab x2  
  70  7:31  Armory, Starport Tech Lab  
  70  7:35  SCV  
  70  7:36  Marine  
  78  7:45  Supply Depot  
  78  7:54  Hellion x3  
  78  7:55  Hellion  
  78  7:56  Marine  
  78  7:57  SCV  
  88  8:01  SCV x2, Liberator  
  88  8:02  Command Center x2  
  90  8:06  Terran Infantry Weapons Level 1, Supply Depot x2  
  90  8:11  Liberator x2  
  83  8:26  Thor, Siege Tank x2  
  95  8:27  Hellion  
  95  8:28  Hellion  
  104  8:44  Liberator  
  93  8:56  SCV x3  
  96  9:08  SCV  
  91  9:10  Liberator  
  82  9:28  Banshee  
  85  9:34  Planetary Fortress  
  85  9:37  Command Center  
  85  9:39  Command Center  
  85  9:53  SCV  
  86  10:01  Terran Infantry Weapons Level 2  
  86  10:02  Missile Turret  
  86  10:05  Terran Vehicle And Ship Armor Level 1  
  86  10:08  Armory, Liberator x2  
  86  10:11  Banshee, Thor x2  
  86  10:12  Missile Turret  
  101  10:15  SCV  
  108  10:28  Supply Depot  
  108  10:57  Banshee  
  108  11:00  Hellion  
  108  11:01  Hellion  
  108  11:02  Thor x2  
  127  11:04  SCV  
  127  11:10  Liberator x2  
  117  11:14  Orbital Command  
  111  11:18  Missile Turret  
  111  11:20  Command Center  
  111  11:31  Planetary Fortress  
  116  11:39  Hellion  
  120  11:40  Hellion  
  120  11:58  Supply Depot  
  120  12:00  Orbital Command  
  120  12:02  Missile Turret  
  120  12:03  Liberator  
  120  12:04  Missile Turret, Liberator  
  120  12:05  Missile Turret  
  120  12:19  Banshee  
  129  12:27  Hellion  
  129  12:28  Hellion  
  127  12:38  Orbital Command  
  127  12:40  SCV  
  126  12:53  SCV  
  126  12:58  Terran Vehicle And Ship Armor Level 2, Terran Ship Weapons Level 1  
  127  13:02  Banshee  
  127  13:04  SCV x4, Fusion Core  
  127  13:05  SCV  
  135  13:09  SCV  
  135  13:10  SCV  
  137  13:16  SCV  
  137  13:17  SCV x2  
  137  13:18  Refinery  
  137  13:19  SCV, Refinery  
  141  13:26  Missile Turret x2  
  141  13:27  Thor, Missile Turret  
  141  13:28  Hellion  
  141  13:32  SCV  
  123  14:15  Thor, Hellion x2  
  101  15:20  Factory  
  98  15:21  Factory  
  98  15:22  Starport  
  98  15:23  Factory, Starport  
  98  15:24  Starport  
  98  15:25  Factory Tech Lab  
  98  15:26  Starport Tech Lab  
  98  15:39  Armory  
  85  16:20  Hellion x3  
  85  16:21  Starport Tech Lab  
  85  16:22  Starport Tech Lab  
  92  16:25  SCV x2  
  92  16:26  Banshee  
  92  16:27  Thor  
  102  16:34  SCV, Starport Tech Lab  
  103  16:43  Command Center  
  103  16:45  Command Center  
  103  16:46  SCV, Missile Turret  
  104  16:47  Command Center  
  104  16:49  Orbital Command  
  104  16:51  SCV x2  
  104  16:53  Barracks  
  106  16:55  Barracks Tech Lab, Raven x3  
  106  16:58  Terran Vehicle And Ship Armor Level 3, Fusion Core  
  106  16:59  SCV, Refinery  
  104  17:11  SCV  
  99  17:23  SCV  
  100  17:36  Supply Depot  
  100  17:38  Stimpack  
  100  17:39  Combat Shields  
  100  17:43  Supply Depot  
  100  17:46  SCV  
  100  17:47  SCV x2  
  103  17:52  Refinery  
  103  17:53  Corvid Reactor, Refinery  
  103  17:54  Missile Turret  
  103  17:57  Factory Tech Lab x2  
  103  18:03  Cloaking Field  
  103  18:08  Factory Tech Lab  
  103  18:11  Hyperflight Rotors  
  103  18:19  Advanced Ballistics  
  103  18:20  Thor  
  109  18:39  Orbital Command x2  
  109  18:40  Command Center, Orbital Command  
  109  18:47  Command Center  
  106  19:18  Battlecruiser x2  
  106  19:19  Battlecruiser x2  
  118  19:40  Thor x2  
  105  20:21  Planetary Fortress  
  105  20:25  Missile Turret  
  105  20:39  Missile Turret  
  105  20:40  Missile Turret  
  105  20:41  Hellion  
  105  20:42  Hellion x2, Missile Turret  
  108  21:12  Missile Turret  
  105  21:22  Refinery  
  105  21:24  Refinery  
  105  21:31  Marine  
  102  21:32  Liberator  
  102  21:33  Marine  
  103  21:44  Barracks x2  
  103  21:45  Barracks  
  103  21:46  Terran Infantry Weapons Level 3  
  103  21:47  Barracks  
  103  21:49  Barracks, Marine  
  103  21:50  Battlecruiser  
  103  21:51  Marine  
  114  22:07  Marine  
  115  22:08  Marine  
  116  22:18  Banshee  
  116  22:19  Banshee  
  122  22:25  Marine  
  122  22:26  Marine  
  124  22:32  Banshee  
  124  22:33  Barracks Reactor x3  
  124  22:36  Command Center, Barracks Reactor  
  127  22:37  Command Center  
  127  22:39  Command Center  
  127  22:40  Barracks Reactor  
  127  22:41  Command Center  
  127  22:43  Marine  
  128  22:44  Marine  
  126  22:54  Medivac  
  128  23:00  Marine  
  128  23:02  Marine  
  130  23:18  Marine  
  131  23:20  Marine  
  132  23:29  Marine x3  
  132  23:30  Marine x5  
  132  23:32  Medivac  
  132  23:33  Medivac x2  
  132  23:34  Medivac  
  148  23:36  Marine  
  148  23:37  Marine  
  150  23:47  Marine x5  
  150  23:48  Marine x2  
  156  23:55  Marine x3  
  156  24:02  Banshee, Medivac  
  157  24:03  Banshee x2  
  157  24:05  Marine x3  
  168  24:15  Refinery  
  168  24:16  Planetary Fortress  
  163  24:18  Orbital Command  
  163  24:20  Refinery  
  161  24:27  Refinery  
  154  24:31  Refinery  
  154  24:32  Marine x2  
  154  24:33  Marine x8  
  161  24:50  Marine x3  
  161  24:51  Marauder x2, Marine x5  
  160  25:08  Marine x7  
Show
View Real Time Build Order
Export as new Build Order

Insom Zerg 

Build Orders: Hatch First 

Get SALT Encoding   

  12  0:02  Drone  
  13  0:12  Overlord  
  13  0:22  Drone  
  14  0:31  Drone x2  
  16  0:35  Drone  
  17  0:45  Drone  
  18  0:57  Hatchery  
  18  1:00  Drone  
  18  1:06  Drone  
  18  1:07  Extractor  
  18  1:22  Drone  
  18  1:23  Spawning Pool  
  18  1:30  Drone  
  19  1:38  Drone  
  20  1:54  Drone  
  21  2:00  Overlord  
  21  2:09  Queen  
  21  2:11  Metabolic Boost  
  21  2:12  Queen  
  21  2:15  Drone x2  
  27  2:20  Zergling x2  
  27  2:22  Zergling x2  
  29  2:33  Zergling x4  
  31  2:42  Zergling x2  
  32  2:54  Drone  
  32  2:55  Drone x2  
  35  3:05  Drone  
  36  3:06  Overlord  
  36  3:09  Hatchery  
  35  3:18  Evolution Chamber  
  35  3:19  Evolution Chamber  
  31  3:46  Drone x3  
  31  3:47  Drone x6  
  40  3:51  Zerg Ground Armor Level 1, Zerg Melee Weapons Level 1  
  40  3:56  Extractor  
  40  3:58  Drone x4  
  43  4:11  Baneling Nest  
  43  4:12  Spore Crawler  
  43  4:13  Spore Crawler  
  43  4:16  Spore Crawler  
  37  4:19  Zergling x8  
  40  4:26  Zergling x8  
  44  4:40  Zergling x12  
  44  4:42  Overlord  
  50  4:54  Spore Crawler  
  50  4:55  Queen  
  50  4:56  Spore Crawler  
  50  4:58  Overlord, Spore Crawler  
  49  5:13  Queen  
  51  5:27  Zergling x10  
  51  5:28  Zergling x2  
  54  5:50  Lair  
  52  6:08  Drone x3  
  52  6:09  Drone, Spore Crawler  
  55  6:12  Drone x4  
  55  6:13  Drone  
  55  6:17  Spore Crawler  
  59  6:18  Drone  
  59  6:19  Drone x5, Spore Crawler  
  59  6:20  Queen  
  66  6:26  Extractor  
  66  6:28  Extractor  
  64  6:37  Drone x2  
  64  6:38  Overlord x3  
  51  6:56  Zergling x10  
  51  6:57  Zergling x4  
  51  7:01  Zerg Melee Weapons Level 2  
  58  7:06  Zerg Ground Armor Level 2  
  58  7:24  Spine Crawler x2  
  58  7:25  Zergling x24  
  68  7:35  Baneling x4  
  68  7:36  Baneling x4  
  68  7:38  Drone x3  
  68  7:39  Drone x3  
  74  7:58  Zergling x14  
  79  7:59  Zergling x2  
  79  8:25  Zergling x2  
  79  8:26  Zergling x4  
  82  8:27  Overlord x4  
  82  8:32  Queen  
  81  8:35  Spore Crawler x2  
  72  8:57  Zergling x2  
  72  8:58  Zergling x22  
  68  9:34  Drone x3  
  68  9:35  Drone x6  
  77  9:42  Infestation Pit  
  77  9:44  Zergling x2  
  77  9:45  Zergling x4  
  79  9:46  Baneling x6  
  79  9:54  Extractor x2  
  79  9:59  Drone x5  
  82  10:01  Baneling x3  
  82  10:06  Centrifical Hooks  
  82  10:24  Hatchery, Hive  
  81  10:29  Zergling x2  
  81  10:30  Zergling x24  
  81  10:33  Queen  
  96  10:41  Spore Crawler x2  
  94  11:01  Zergling x10  
  94  11:02  Zergling x14  
  95  11:18  Zergling x16  
  100  11:31  Queen  
  90  11:46  Zergling x6  
  90  11:47  Zergling x14  
  96  11:52  Zerg Melee Weapons Level 3  
  96  11:53  Zerg Ground Armor Level 3  
  97  11:54  Adrenal Glands  
  97  11:55  Ultralisk Cavern  
  96  12:04  Zergling x8  
  96  12:05  Spine Crawler, Zergling x4  
  96  12:08  Baneling x4  
  101  12:25  Drone x4  
  92  12:39  Zergling x8  
  92  12:40  Zergling x12  
  97  12:53  Chitinous Plating, Spore Crawler  
  96  13:10  Overseer  
  96  13:24  Ultralisk  
  102  13:28  Nydus Network  
  101  13:36  Overlord x3  
  84  14:20  Nydus Canal  
  84  14:25  Zergling x24  
  84  14:26  Zergling x14  
  100  14:49  Zergling x12  
  100  14:50  Zergling x4  
  88  15:18  Zergling x14  
  82  15:37  Spire  
  74  15:46  Zergling x2  
  74  15:47  Zergling x16  
  83  15:54  Zergling x2  
  83  15:55  Zergling x4  
  84  16:17  Ultralisk x4  
  84  16:18  Ultralisk x2  
  118  16:34  Hatchery  
  117  16:51  Corruptor x2  
  117  16:54  Overlord x4  
  105  17:26  Corruptor x4  
  105  17:27  Corruptor x2  
  113  17:36  Zerg Flyer Weapons Level 1  
  113  17:38  Corruptor  
  115  18:01  Extractor  
  114  18:14  Corruptor x2  
  114  18:16  Hatchery  
  117  18:20  Zergling x6  
  120  18:29  Extractor  
  119  18:47  Extractor  
  118  18:51  Extractor  
  107  19:00  Corruptor x4  
  110  19:18  Zergling x8  
  111  20:06  Corruptor x3  
  99  20:22  Zergling x2  
  99  20:23  Zergling x4  
  96  20:48  Zergling x2  
  96  20:49  Zergling x8  
  94  21:07  Corruptor  
  93  21:25  Hatchery  
  83  22:12  Corruptor x2  
  87  22:19  Hatchery  
  86  22:24  Zerg Flyer Weapons Level 2  
  86  22:34  Zergling x2  
  87  23:04  Corruptor x2  
  90  23:15  Drone  
  90  23:16  Drone x3  
  91  23:32  Overseer  
  90  23:34  Corruptor x2  
  90  23:35  Corruptor  
  95  23:42  Spore Crawler  
  95  23:43  Spore Crawler  
  90  23:52  Drone x2  
  90  23:53  Drone, Spore Crawler  
  86  24:11  Zergling x6  
  86  24:43  Zergling x2  
  87  24:54  Drone x2  
Tags
 
Add a new tag
Caveats
  • Supply blocks, unpowered buildings, or Contaminate may cause inaccurate times.
  • Supply counts are checked every 10 seconds.